 Dungeon Crawl Stone Soup version 0.28.0 (webtiles) character file.

Game seed: 210008585294786158

2 Prodoman the Magician (level 1, 0/13 HPs)
             Began as a Demonspawn Hedge Wizard on Feb 5, 2022.
             Slain by a gnoll (3 damage)
             ... on level 1 of the Dungeon.
             The game lasted 00:01:18 (136 turns).

Prodoman the Magician (Demonspawn Hedge Wizard)      Turns: 136, Time: 00:01:18

Health: 0/13       AC:  2    Str: 10    XL:     1   Next: 33%
Magic:  4/4        EV:  9    Int: 15    God:
Gold:   18         SH:  0    Dex: 12    Spells: 5/6 levels left

rFire   . . .      SeeInvis .   a - +0 dagger
rCold   . . .      Faith    .   (no shield)
rNeg    . . .      Spirit   .   b - +0 robe
rPois   .          Reflect  .   c - +0 hat
rElec   .          Harm     .   (no cloak)
rCorr   .          Rampage  .   (no gloves)
Will    .....                   (no boots)
Stlth   ++........              (no amulet)
HPRegen 0.04/turn               (no ring)
MPRegen 0.09/turn               (no ring)

@: constricted
A: no striking features
a: no special abilities


You were on level 1 of the Dungeon.
You visited 1 branch of the dungeon, and saw 1 of its levels.

You collected 18 gold pieces.

Inventory:

Hand Weapons
 a - a +0 dagger (weapon)
Missiles
 d - 5 poisoned darts
Armour
 b - a +0 robe (worn)
 c - a +0 hat (worn)


   Skills:
 + Level 1.8 Dodging
 + Level 1.8 Stealth
 + Level 3.0 Spellcasting
 + Level 1.1 Conjurations
 + Level 1.1 Summonings
 + Level 0.9 Translocations


You had 5 spell levels left.
You knew the following spells:

 Your Spells              Type           Power      Damage    Failure   Level
a - Magic Dart            Conj           20%        1d4       13%         1

Your spell library contained the following spells:

 Spells                   Type           Power      Damage    Failure   Level
 Call Imp                 Summ           5%         N/A       19%         2
 Slow                     Hex            8%         N/A       21%         1
 Blink                    Tloc           10%        N/A       21%         2
 Conjure Flame            Conj/Fire      3%         6-21      43%         3
 Mephitic Cloud           Conj/Pois/Air  3%         N/A       45%         3


Dungeon Overview and Level Annotations

Branches:
Dungeon (1/15)

Altars:


Message History

The kobold is severely wounded.
You kill the kobold!
Found a stone staircase leading down.
You see here a +0 short sword.
Your magical contamination has completely faded away.
d - 5 poisoned darts (gained 1)
There are no items here.
There are no items here.
You see here a +0 short sword.
A gnoll comes into view. It is wielding a +0 club.
Found 23 arrows.
The gnoll shouts!
A goblin and a ball python come into view.
The goblin shouts!
A hobgoblin comes into view.
The ball python hisses angrily.
The goblin closely misses you. The ball python bites you.
The ball python misses you. The goblin hits you but does no damage.
The ball python barely misses you. The ball python closely misses you.
The gnoll hits you with a +0 club!
Ouch! That really hurt!
The goblin closely misses you. The ball python barely misses you.
The ball python misses you.
You hit the gnoll.
The gnoll is lightly wounded.
The gnoll barely misses you.
The ball python bites you but does no damage.
The ball python closely misses you. The goblin hits you but does no damage.
You hit the gnoll.
The gnoll is moderately wounded.
The gnoll closely misses you. The ball python barely misses you.
The ball python grabs you. The ball python constricts you.
* * * LOW HITPOINT WARNING * * *
The goblin barely misses you.
You hit the gnoll.
The gnoll is moderately wounded.
The ball python barely misses you. The ball python constricts you.
The gnoll hits you with a +0 club.
You die...

#.....# #.....# #.....#
########.....#
g......+.....# #######
.......#.....#######.....#
.......#gS.#.##...##.###.#
.........@g.............).
######.#.#.#.#.......#####
#+#.#.#.#..#.........
....#.#..##########
...###.#g.# ## .....
#.#.(. #. #....# #.#....#.
#. #....# #.#..#.#. #.
#.#####)


You could see a gnoll, a goblin and a ball python.

Vanquished Creatures
  A bat (D:1)
  2 kobolds (D:1)
3 creatures vanquished.

Notes
Turn   | Place    | Note
-------+----------+-------------------------------------------
     0 | D:1      | Prodoman the Demonspawn Hedge Wizard began the quest for
                  | the Orb.
     0 | D:1      | Reached XP level 1. HP: 13/13 MP: 4/4
   136 | D:1      | Slain by a gnoll

Illustrated notes

Levels and vault maps discovered:
D:1:      lemuel_arrival_lava_pool, layout_basic,
          shapermc_ecumenical_altar_mp_highgroup, minivault_27

Action                   || total
-------------------------++-------
Melee: Dagger            ||     4
Throw: Dart              ||     1
 Cast: Magic Dart        ||     5
Armor: Robe              ||     4
Dodge: Dodged            ||    13
